 Dungeon Crawl Stone Soup version 0.14.1-24-gbdbe590 (webtiles) character file.

33548 MRaven the Earth Mage (level 13, -10/94 HPs)
             Began as a Deep Dwarf Earth Elementalist on July 3, 2014.
             Was the Champion of Makhleb.
             Mangled by a komodo dragon (24 damage)
             ... on Level 7 of the Lair of Beasts.
             The game lasted 04:24:14 (22881 turns).

MRaven the Earth Mage (DDEE)                       Turns: 22881, Time: 04:24:16

HP -10/94        AC 17     Str 12      XL: 13   Next: 34%
MP  39/39        EV 12     Int 21      God: Makhleb [******]
Gold 602         SH  7     Dex 13      Spells:  6 memorised, 14 levels left

rFire  . . .     SeeInvis .     q - +5,+1 flail (protect)
rCold  + . .     Clarity  .     K - +5 robe of Liberty {rC+ Acc+5}
rNeg   . . .     Conserve .     s - +0 buckler
rPois  .         rCorr    .     m - +0 helmet
rElec  .         rRot     .     i - +1 cloak
SustAb . .       Spirit   .     N - +0 pair of gloves
rMut   .         Warding  .     z - +0 pair of boots
Saprov . . .     Stasis   .     J - amulet of faith
MR     +....                    w - +1 ring of evasion
                                V - ring of magical power

@: non-regenerating, lethally poisoned, diseased, somewhat resistant to hostile
enchantments, fairly stealthy
A: damage resistance, recharge devices, sense surroundings 2, slow healing 3
a: Device Recharging, Minor Destruction, Lesser Servant of Makhleb, Major
Destruction, Greater Servant of Makhleb, Renounce Religion


You were on level 7 of the Lair of Beasts.
You worshipped Makhleb.
Makhleb was exalted by your worship.
You were not hungry.

You visited 3 branches of the dungeon, and saw 18 of its levels.
You also visited: Sewer and Ice Cave.

You collected 927 gold pieces.
You spent 325 gold pieces at shops.

Inventory:

Hand weapons
 q - a +5,+1 flail of protection (weapon)
Missiles
 b - 40 stones (quivered)
Armour
 i - a +1 cloak (worn)
 m - a +0 helmet (worn)
 s - a +0 buckler (worn)
 z - a +0 pair of boots (worn)
 K - the +5 robe of Liberty (worn) {rC+ Acc+5}
   (You found it on level 6 of the Dungeon)

   It affects your accuracy with ranged weapons and melee attacks (+5).
   It protects you from cold.
 N - a +0 pair of gloves (worn)
Magical devices
 a - a wand of heal wounds (0)
 A - a wand of disintegration (8)
 D - a wand of fire (6)
 F - a wand of cold (11)
Comestibles
 j - 3 chokos
 l - 4 meat rations
 u - 2 pears
 P - 3 chunks of crocodile flesh
Scrolls
 c - 4 scrolls of teleportation
 g - a scroll of blinking
 k - a scroll of amnesia
 n - 3 scrolls of identify
 o - a scroll of magic mapping
 p - 4 scrolls of fog
 B - 9 scrolls of remove curse
 E - 2 scrolls of fear
 G - a scroll of holy word
 T - a scroll of silence
 W - a scroll of brand weapon
Jewellery
 w - a +1 ring of evasion (right hand)
 y - an uncursed amulet of stasis
 J - an amulet of faith (around neck)
 O - an uncursed ring of sustenance
 R - an uncursed ring of teleportation
 U - an uncursed ring of sustain abilities
 V - a ring of magical power (left hand)
Potions
 e - a potion of invisibility
 h - a potion of heal wounds
 r - 13 potions of curing
 t - 3 potions of flight
 v - a potion of magic
 C - 4 potions of brilliance
 H - 6 potions of agility
 L - 3 potions of berserk rage
 M - a potion of might
 Q - 2 potions of restore abilities
 S - a potion of resistance
Books
 d - a book of Geomancy

   Spells                             Type                      Level
   *Sandblast                         Earth                        1
   *Stoneskin                         Transmutation/Earth          2
   *Passwall                          Transmutation/Earth          3
   *Stone Arrow                       Conjuration/Earth            3
   *Petrify                           Transmutation/Earth          4
   *Lee's Rapid Deconstruction        Earth                        5
 f - a book of Annihilations {highlevel}

   This book is beyond your current level of understanding.

   Spells                             Type                      Level
   Poison Arrow                       Conjuration/Poison           6
   Chain Lightning                    Conjuration/Air              8
   Lehudib's Crystal Spear            Conjuration/Earth            8
   Glaciate                           Conjuration/Ice              9
   Fire Storm                         Conjuration/Fire             9
 x - a book of the Sky

   Spells                             Type                      Level
   Flight                             Charms/Air                   3
   Airstrike                          Air                          4
   Silence                            Hexes/Air                    5
   Deflect Missiles                   Charms/Air                   6
   Conjure Ball Lightning             Conjuration/Air              6
   Tornado                            Air                          9
 I - Cybiykk's Papyrus of the Journeyman
   (You acquired it on level 3 of the Lair of Beasts)

   Spells                             Type                      Level
   Flame Tongue                       Conjuration/Fire             1
   Fire Brand                         Charms/Fire                  2
   Throw Flame                        Conjuration/Fire             2
   Iskenderun's Mystic Blast          Conjuration                  4
   Force Lance                        Conjuration                  5
 Y - a Young Poisoner's Handbook

   Spells                             Type                      Level
   Sting                              Conjuration/Poison           1
   Cure Poison                        Poison                       2
   Mephitic Cloud                     Conjuration/Poison/Air       3
   Olgreb's Toxic Radiance            Poison                       4
   Venom Bolt                         Conjuration/Poison           5
 Z - a book of Envenomations

   Spells                             Type                      Level
   Spider Form                        Transmutation/Poison         3
   Poison Weapon                      Charms/Poison                3
   Alistair's Intoxication            Transmutation/Poison         4
   Olgreb's Toxic Radiance            Poison                       4
   Poisonous Cloud                    Conjuration/Poison/Air       6


   Skills:
 - Level 2.1 Dodging
 - Level 2.4 Stealth
 + Level 10.4 Spellcasting
 - Level 7.4 Conjurations
 * Level 9.2 Transmutations
 + Level 17.0 Earth Magic
 + Level 8.3 Invocations


You had 14 spell levels left.
You knew the following spells:

 Your Spells              Type           Power        Failure   Level  Hunger
a - Sandblast             Erth           ######       0%          1    None
b - Stone Arrow           Conj/Erth      ######       1%          3    None
c - Stoneskin             Trmt/Erth      ######....   1%          2    None
d - Lee's Rapid Deconstr  Erth           ######....   1%          5    ####...
e - Petrify               Trmt/Erth      ######..     1%          4    ##.....
f - Passwall              Trmt/Erth      ######....   1%          3    None


Dungeon Overview and Level Annotations

Branches:
Dungeon (9/15)             Temple (1/1) D:7            Lair (8/8) D:9
  Swamp (0/5) Lair:6        Snake (0/5) Lair:5        Slime (0/6) Lair:7
    Orc: D:9-12

Altars:
Ashenzari
Cheibriados
Dithmenos
Elyvilon
Fedhas
Kikubaaqudgha
Makhleb
Nemelex Xobeh
Okawaru
Sif Muna
Trog
Vehumet
Xom
Yredelemnul
Zin
The Shining One

Shops:
D:8 ?


Innate Abilities, Weirdness & Mutations

You are resistant to damage.
You can recharge devices by infusing magical energy.
You passively map the area around you.
You do not heal naturally.


Message History

The water moccasin bites you but does no damage.
The komodo dragon bites you!
* * * LOW HITPOINT WARNING * * *
You feel ill.
You climb upwards.
There is a stone staircase leading down, spattered with blood here.
Unknown command.
Unknown command.
Unknown command.
Evoke which item? (* to show all) (? for menu, Esc to quit)
Zapping:
a - a wand of heal wounds (1)
Press: ? - help, Shift-Dir - straight line, f - you You feel much better.
This wand has 0 charges left.
The death yak gores you but does no damage.
The water moccasin bites you.
You are more poisoned.
The water moccasin poisons you! The death yak gores you!
* * * LOW HITPOINT WARNING * * *
The komodo dragon bites you!
You die...

...#......#.......##.............
.........#.......P#........#.....
..........#.........#............
.................................
.................................
..............................P..
.................................
.........f.P.....lf.P............
.##............Y@Y...............
.#.............S.....#...........
..#............#.....+...........
......<.......###................
...#..........###................
..#.............#.........#..P...
...#......................#......
.................................
...#.Pf..........................


You could see 2 death yaks, a komodo dragon and a water moccasin.

Vanquished Creatures
  Rupert (Lair:6)
  3 hydras
  A ravenous feature mimic (Lair:7)
  2 catoblepae
  Pikel (D:5)
  2 oklob plants (Lair:6)
  2 black mambas
  3 spiny frogs
  A troll (D:9)
  4 komodo dragons
  2 fire drakes
  A queen bee (D:9)
  A polar bear (Lair:1)
  Prince Ribbit (D:5)
  2 two-headed ogres (D:9)
  A baby alligator (Lair:6)
  5 blink frogs (Lair:6)
  A grizzly bear (Lair:4)
  The ghost of 5ubbak the Vexing, an average OpEn of Sif Muna (D:4)
  31 yaks
  6 sharks
  A wyvern (Lair:4)
  An elephant slug (Lair:4)
  Eustachio (D:7)
  A hill giant zombie (D:8)
  2 humans (D:8)
  3 nagas (Lair:5)
  4 hippogriffs
  Edmund (D:6)
  Menkaure (D:5)
  13 wolves
  3 sky beasts
  2 necrophages (D:7)
  14 water moccasins
  2 orc warriors
  6 porcupines
  2 black bears
  5 giant goldfish
  A swamp drake (Lair:6)
  An ice beast (D:5)
  3 phantoms
  3 centaurs
  2 boring beetles (D:9)
  3 ogres
  8 crocodiles
  Duvessa (D:8)
  8 giant slugs
  7 big kobolds
  2 elf skeletons
  A wyvern zombie (D:7)
  16 giant frogs
  4 scorpions
  20 killer bees
  3 electric eels (Lair:4)
  5 wights (D:7)
  A jelly (D:4)
  Dowan (D:8)
  A black bear zombie (D:7)
  4 human zombies (D:7)
  3 big fish
  4 crimson imps
  A centaur skeleton (D:5)
  An orc priest (D:8)
  A human skeleton (D:7)
  7 iguanas
  7 hounds
  Natasha (twice) (D:5)
  2 orc wizards
  7 worker ants
  13 sheep
  A mummy (D:7)
  32 adders
  4 gnolls (D:5)
  6 giant mites
  23 green rats
  3 shadow imps
  5 worms
  2 orc zombies
  An adder skeleton (D:9)
  3 giant eyeballs
  10 giant geckos
  3 oozes
  35 orcs
  26 bats
  10 giant cockroaches
  17 hobgoblins
  11 jackals
  11 quokkas
  35 giant newts
  A giant spore (D:9)
  A gnoll skeleton (D:7)
  17 goblins
  2 goblin skeletons
  A jackal zombie (D:6)
  21 kobolds
  2 orc skeletons (D:7)
  34 rats
  A fungus (Lair:6)
  A plant (Lair:6)
596 creatures vanquished.

Vanquished Creatures (collateral kills)
  Maud (Lair:5)
  2 yaks (Lair:5)
3 creatures vanquished.

Vanquished Creatures (others)
  Natasha (D:5)
  2 giant newts (D:5)
  A giant spore (D:9)
  A fungus (Lair:7)
  2 plants (Lair:7)
7 creatures vanquished.

Grand Total: 606 creatures vanquished

Notes
Turn   | Place    | Note
--------------------------------------------------------------
     0 | D:1      | MRaven, the Deep Dwarf Earth Elementalist, began the quest for the Orb.
     0 | D:1      | Reached XP level 1. HP: 15/15 MP: 2/2
    62 | D:1      | Reached XP level 2. HP: 20/22 MP: 4/4
   603 | D:1      | Reached XP level 3. HP: 21/28 MP: 3/6
  1245 | D:2      | Reached skill level 5 in Earth Magic
  1339 | D:2      | Reached XP level 4. HP: 36/36 MP: 7/9
  1743 | D:2      | Learned a level 3 spell: Stone Arrow
  1746 | D:2      | Learned a level 2 spell: Stoneskin
  2099 | D:3      | Reached XP level 5. HP: 26/42 MP: 8/11
  2614 | D:3      | Reached skill level 1 in Conjurations
  2779 | D:4      | Reached skill level 6 in Earth Magic
  2886 | D:4      | Got a dull robe
  2892 | D:4      | Identified the +1 robe "Jiseum" {Dex+2 Acc+2} (You found it on level 4 of the Dungeon)
  3032 | D:4      | Noticed 5ubbak's ghost (average OpEn)
  3267 | D:4      | Found a sparkling altar of Nemelex Xobeh.
  3532 | D:4      | Killed 5ubbak's ghost
  3532 | D:4      | Reached XP level 6. HP: 30/49 MP: 11/15
  3757 | D:4      | Reached skill level 7 in Earth Magic
  3757 | D:4      | Reached XP level 7. HP: 24/55 MP: 10/17
  4003 | D:5      | Entered Level 5 of the Dungeon
  4220 | D:5      | Found a blossoming altar of Fedhas.
  4325 | D:5      | Reached skill level 8 in Earth Magic
  4351 | D:5      | Reached skill level 5 in Spellcasting
  4358 | D:5      | Learned a level 5 spell: Lee's Rapid Deconstruction
  4363 | D:5      | Learned a level 4 spell: Petrify
  4380 | D:5      | Found a blossoming altar of Fedhas.
  4390 | D:5      | Noticed Prince Ribbit
  4398 | D:5      | Killed Prince Ribbit
  4398 | D:5      | Reached skill level 9 in Earth Magic
  4398 | D:5      | Reached XP level 8. HP: 62/62 MP: 16/20
  4756 | D:5      | Noticed Natasha
  4915 | D:5      | Noticed Pikel
  5302 | D:5      | Killed Pikel
  5302 | D:5      | Reached skill level 5 in Conjurations
  5302 | D:5      | Reached skill level 10 in Earth Magic
  5504 | D:5      | Killed Natasha
  5504 | D:5      | Gained mutation: You passively map the area around you. [level up]
  5504 | D:5      | Reached XP level 9. HP: 65/68 MP: 10/21
  5527 | D:5      | Noticed Menkaure
  5536 | D:5      | Killed Menkaure
  5645 | D:5      | Noticed Natasha
  5654 | D:5      | Killed Natasha
  5671 | D:5      | Killed Natasha
  5849 | D:6      | Found a glowing drain.
  5903 | Sewer    | Entered a sewer
  5979 | Sewer    | Reached skill level 11 in Earth Magic
  6398 | D:6      | Got a crude robe
  6404 | D:6      | Identified the +5 robe of Liberty {rC+ Acc+5} (You found it on level 6 of the Dungeon)
  6425 | D:6      | Noticed Edmund
  6433 | D:6      | Killed Edmund
  6909 | D:7      | Found an ancient bone altar of Kikubaaqudgha.
  7452 | D:7      | Reached skill level 12 in Earth Magic
  7617 | D:7      | Found a staircase to the Ecumenical Temple.
  7941 | D:7      | Noticed Eustachio
  7949 | D:7      | Killed Eustachio
  8358 | D:7      | Reached XP level 10. HP: 45/75 MP: 17/24
  8766 | Temple   | Entered the Ecumenical Temple
  8779 | Temple   | Became a worshipper of Makhleb the Destroyer
  9254 | D:8      | Found Game's Magic Scroll Boutique.
  9276 | D:8      | Bought a scroll of recharging for 95 gold pieces
  9276 | D:8      | Bought a scroll of holy word for 75 gold pieces
  9276 | D:8      | Bought a scroll of identify for 20 gold pieces
  9276 | D:8      | Bought a scroll of identify for 20 gold pieces
  9276 | D:8      | Bought a scroll of recharging for 95 gold pieces
  9276 | D:8      | Bought a scroll of identify for 20 gold pieces
  9485 | D:8      | Found an iron altar of Okawaru.
  9717 | D:8      | Acquired Makhleb's first power
  9794 | D:8      | Reached skill level 13 in Earth Magic
  9987 | D:8      | Noticed Duvessa
  9987 | D:8      | Noticed Dowan
  9992 | D:8      | Killed Dowan
  9999 | D:8      | Killed Duvessa
 10679 | D:9      | Acquired Makhleb's second power
 11823 | D:9      | Found a staircase to the Lair.
 11870 | D:9      | Reached skill level 14 in Earth Magic
 11875 | D:9      | Acquired Makhleb's third power
 12314 | D:9      | Reached XP level 11. HP: 54/81 MP: 17/27
 12377 | D:9      | Reached skill level 1 in Transmutations
 12707 | D:9      | Found a shimmering altar of Xom.
 12832 | Lair:1   | Entered Level 1 of the Lair of Beasts
 12948 | Lair:1   | Found a frozen archway.
 12971 | IceCv    | Entered an ice cave
 13393 | Lair:1   | Learned a level 3 spell: Passwall
 13621 | Lair:1   | Noticed a catoblepas
 13673 | Lair:1   | Reached skill level 15 in Earth Magic
 13750 | Lair:1   | Acquired Makhleb's fourth power
 13886 | Lair:1   | Killed a catoblepas
 14733 | Lair:2   | Noticed a six-headed hydra
 14753 | Lair:2   | Killed a six-headed hydra
 14753 | Lair:2   | Reached skill level 1 in Invocations
 15161 | Lair:2   | Acquired Makhleb's fifth power
 16228 | Lair:3   | Identified a scroll of acquirement
 16231 | Lair:3   | Identified Cybiykk's Papyrus of the Journeyman (You acquired it on level 3 of the Lair of Beasts)
 16683 | Lair:4   | Reached skill level 5 in Transmutations
 17201 | Lair:4   | Reached XP level 12. HP: 88/88 MP: 17/28
 17734 | Lair:4   | Reached skill level 16 in Earth Magic
 18457 | Lair:5   | Reached skill level 5 in Invocations
 19209 | Lair:5   | Noticed Maud
 19231 | Lair:5   | Killed Maud
 19717 | Lair:5   | Found a staircase to the Snake Pit.
 20468 | Lair:6   | Reached skill level 10 in Spellcasting
 20668 | Lair:6   | Noticed Rupert
 20698 | Lair:6   | Killed Rupert
 20984 | Lair:6   | Found a staircase to the Swamp.
 21138 | Lair:6   | Reached XP level 13. HP: 89/94 MP: 30/30
 21635 | Lair:7   | Found a staircase to the Slime Pits.
 21635 | Lair:7   | Noticed an azure jelly
 22401 | Lair:7   | Reached skill level 17 in Earth Magic
 22710 | Lair:8   | Entered Level 8 of the Lair of Beasts
 22881 | Lair:7   | Mangled by a komodo dragon

Action                   |  1- 3 |  4- 6 |  7- 9 | 10-12 | 13-15 || total
-------------------------+-------+-------+-------+-------+-------++-------
Melee: Whip              |    33 |       |       |       |       ||    33
       Spear             |    69 |   122 |   200 |       |       ||   391
       Flail             |       |       |    70 |   369 |    63 ||   502
Throw: Stone             |       |       |     2 |       |       ||     2
 Cast: Sandblast         |    38 |    83 |   215 |       |       ||   336
       Stoneskin         |       |     2 |     2 |     5 |       ||     9
       Petrify           |       |       |     4 |     7 |     3 ||    14
       Lee's Rapid Decon |       |       |     4 |    12 |    12 ||    28
       Stone Arrow       |       |       |    73 |   574 |    76 ||   723
Invok: Greater Servant o |       |       |       |     1 |       ||     1
 Abil: Device Recharging |       |       |     1 |       |       ||     1
Evoke: Wand              |     1 |     2 |    12 |     7 |     5 ||    27
  Use: Scroll            |     4 |     7 |       |    21 |       ||    32
       Potion            |       |       |     1 |    11 |       ||    12
 Stab: Sleeping          |       |     1 |     2 |     1 |       ||     4
       Distracted        |       |     1 |       |       |       ||     1
